 Dungeon Crawl Stone Soup version 0.27.1-2-g3b301248ec (webtiles) character file.

Game seed: 7041139520739509235

90 ABBCCCDDDD the Sneak (level 4, -5/29 HPs)
             Began as an Octopode Necromancer on Sept 23, 2021.
             Killed from afar by Natasha (8 damage)
             ... with a magic dart
             ... on level 2 of the Dungeon.
             The game lasted 00:01:57 (1998 turns).

ABBCCCDDDD the Sneak (Octopode Necromancer)         Turns: 1998, Time: 00:01:57

Health: -5/29      AC:  1    Str:  7    XL:     4   Next: 56%
Magic:  7/7        EV: 13    Int: 18    God:
Gold:   223        SH:  0    Dex: 12    Spells: 6/7 levels left

rFire    . . .     SeeInvis .   a - +0 spear
rCold    . . .     Faith    .   (no shield)
rNeg     . . .     Spirit   .   (helmet restricted)
rPois    .         Reflect  .   (no amulet)
rElec    .         Harm     .   (no ring)
rCorr    .         Rampage  .   (no ring)
Will     .....                  (no ring)
Stlth    ++++......             (no ring)
HPRegen  0.09/turn              (no ring)
MPRegen  0.10/turn              (no ring)
                                (no ring)
                                (no ring)

@: attractive
A: almost no armour, amphibious, 8 rings, camouflage 1, gelatinous body 1,
(nimble swimmer 1), tentacles
a: no special abilities


You were on level 2 of the Dungeon.
You visited 1 branch of the dungeon, and saw 3 of its levels.

You collected 223 gold pieces.

Inventory:

Hand Weapons
 a - a +0 spear (weapon)
Missiles
 c - 7 boomerangs
 h - 20 poisoned darts
Jewellery
 k - a ring of flight
Scrolls
 e - 3 scrolls of identify {unknown}
 f - a scroll of enchant weapon {unknown}
 i - 2 scrolls of teleportation {unknown}
Potions
 d - a potion of curing {unknown}
 g - a potion of heal wounds {unknown}
 j - a potion of might {unknown}


   Skills:
 + Level 2.1 Fighting
 + Level 2.1 Polearms
 - Level 2.0 Dodging
 + Level 4.4 Stealth
 - Level 2.0 Spellcasting
 - Level 4.0 Necromancy


You had 6 spell levels left.
You knew the following spells:

 Your Spells              Type           Power      Damage    Failure   Level
a - Pain                  Necr           64%        1d7       3%          1

Your spell library contained the following spells:

 Spells                   Type           Power      Damage    Failure   Level
 Animate Skeleton         Necr           32%        N/A       3%          1
 Vampiric Draining        Necr           8%         2d7       11%         3
 Animate Dead             Necr           8%         N/A       34%         4
 Agony                    Necr           16%        N/A       67%         5


Dungeon Overview and Level Annotations

Branches:
Dungeon (3/15)

Altars:

Annotations:
D:2 Natasha


Innate Abilities, Weirdness & Mutations

You cannot wear most types of armour.
You are amphibious.
You can wear up to eight rings at the same time.
Your skin changes colour to match your surroundings (Stealth+).
Your rubbery body absorbs attacks. (AC +1, EV +1)
((You are camouflaged near water. (Stealth+)))
You have tentacles for arms and can constrict up to eight enemies at once.


Message History

Natasha moves out of view.
Natasha is nearby!
Natasha is nearby!
Natasha is nearby!
You reach to attack!
Natasha hisses angrily.
You hit Natasha.
Natasha is lightly wounded.
Natasha claws you!
You miss Natasha. Your grab misses Natasha.
Natasha is lightly wounded.
Natasha barely misses you.
You hit Natasha but do no damage. Your grab misses Natasha.
Natasha is lightly wounded.
Natasha casts a spell.
You hit Natasha but do no damage. You grab Natasha.
You squeeze Natasha, but do no damage.
Natasha is lightly wounded.
You constrict Natasha. Natasha claws you. The white imp hits you.
The white imp freezes you.
You are too injured to fight recklessly!
You are too injured to fight recklessly!
You hit Natasha.
Natasha is heavily wounded.
You constrict Natasha. Natasha closely misses you.
The white imp hits you but does no damage.
You hit Natasha but do no damage. Your squeeze misses Natasha.
Natasha is heavily wounded.
You constrict Natasha, but do no damage.
Natasha closely misses you. The white imp hits you.
* * * LOW HITPOINT WARNING * * *
The white imp freezes you.
* * * LOW HITPOINT WARNING * * *
Okay, then.
It was a potion of attraction.
You feel attractive to monsters.
You constrict Natasha.
Natasha stares at you and mumbles some strange words.
The magic dart hits you!
You die...

..######.# #.# #.#####.. #.# #.#
#.# #........ #รท######.###.#
#.#####.. #.#..........# #..# ##.
....####.#...### #..## ##
....####.......##########...#####
....(..........#.................
....###........h............####.
...## #.##...###@5######..### #.
#.## #. #...###..######..# #. #.#
#. ##...............# #. ).#
##.###.#.#####.#######. ### #.#
#................. #.#
###.#####.###..##.
#.#####.#####.###..###
#...................#
#######.#########...#


You could see Natasha and a white imp (summoned).

Levels and vault maps discovered:
D:1:      lemuel_arrival_river_ford, layout_loops_corners,
          hellmonk_ecumenical_altar_lost_god, minmay_gold_behind_fungi,
          kennysheep_nondescript, grunt_decor_arrowhead, minmay_octomino_e4
D:2:      layout_loops_ring, uniq_natasha
D:3:      layout_rooms, nicolae_vehumet_altar_sigil

Notes
Turn   | Place    | Note
-------+----------+-------------------------------------------
     0 | D:1      | ABBCCCDDDD the Octopode Necromancer began the quest for the
                  | Orb.
     0 | D:1      | Reached XP level 1. HP: 11/11 MP: 3/3
   490 | D:1      | Found a faded altar of an unknown god.
   592 | D:1      | Reached XP level 2. HP: 11/18 MP: 5/5
  1165 | D:2      | Noticed Natasha
  1171 | D:2      | Killed Natasha
  1172 | D:2      | Reached skill level 1 in Fighting
  1172 | D:2      | Reached skill level 1 in Polearms
  1172 | D:2      | Reached XP level 3. HP: 23/23 MP: 6/6
  1403 | D:2      | Noticed Natasha
  1603 | D:2      | Reached XP level 4. HP: 29/29 MP: 7/7
  1813 | D:3      | Noticed a water moccasin
  1840 | D:2      | Killed Natasha
  1988 | D:2      | Noticed Natasha
  1998 | D:2      | Killed from afar by Natasha

Table legend: (Time is in decaauts)
 A = Elapsed time spent in this place.
 B = Non-inter-level travel time spent in this place.
 C = Inter-level travel time spent in this place.
 D = Time resting spent in this place.
 E = Time spent auto-exploring this place.
 F = Levels seen in this place.
 G = Mean time per level.
                   A        B        C        D        E       F      G
               +--------+--------+--------+--------+--------+-----+--------+
         Total |   1999 |   1987 |     12 |    297 |   1424 |   3 |  666.3 |
       Dungeon |   1999 |   1987 |     12 |    297 |   1424 |   3 |  666.3 |
               +--------+--------+--------+--------+--------+-----+--------+

Top non-repeatable levels by time:
     D:1: 1130 daAuts
     D:2: 660 daAuts
     D:3: 208 daAuts

Table legend:
 A = Kills in this place as a percentage of kills in entire the game.
 B = Kills by you in this place as a percentage of kills by you in the entire game.
 C = Kills by friends in this place as a percentage of kills by friends in the entire game.
 D = Other kills in this place as a percentage of other kills in the entire game.
 E = Experience gained in this place as a percentage of experience gained in the entire game.
 F = Experience gained in this place divided by the number of levels of this place that you have seen.
                   A       B       C       D       E      F
               +-------+-------+-------+-------+-------+----------------------
         Total | 100.0 | 100.0 |   N/A |   N/A | 100.0 |  43.0
       Dungeon | 100.0 | 100.0 |   N/A |   N/A | 100.0 |  43.0
               +-------+-------+-------+-------+-------+----------------------

Action                   |  1- 3 |  4- 6 || total
-------------------------+-------+-------++-------
Melee: Spear             |    46 |    31 ||    77
       Constrict         |    11 |     8 ||    19
       Tentacles         |     8 |     5 ||    13
  Use: Potion            |       |     1 ||     1
 Stab: Sleeping          |     8 |     3 ||    11
Armor: Skin              |     6 |     3 ||     9
Dodge: Dodged            |    14 |    28 ||    42

Vanquished Creatures
  Natasha (twice) (D:2)
  2 adders (D:2)
  An orc (D:3)
  3 ball pythons
  2 bats (D:2)
  2 endoplasms (D:1)
  A giant cockroach (D:2)
  A goblin (D:2)
  2 hobgoblins (D:1)
  2 jackals (D:3)
  2 kobolds
  A frilled lizard (D:2)
  2 rats (D:1)
23 creatures vanquished.

Vanquished Creatures (others)
  5 toadstools (D:1)
5 creatures vanquished.

Grand Total: 28 creatures vanquished
